AoeStats
← Luo_ji22

Arena

506401873Analyzed
1v1 RM · 19d ago on Sep 13, 2026· 35m 37s· 2 players
Game mode
Random Map
Map size
Tiny (2 player)
Population
200
Speed
Normal
Resources
Standard
Victory
Conquest
Starting age
Dark Age
Ending age
Imperial Age
RankedLock teamsTeams togetherTeam positionsShared explorationLock speedFull tech treeHidden civsTurbo modeCheats
Victory
Defeat
🇨🇭 Mongols · Switzerland
842
+24
🇨🇳 Spanish · China
856
-19
Luo_ji22
9:45 Feudal Age
10:16 Double-Bit Axe
10:17 Horse Collar
12:22 Wheelbarrow
20:03 Castle Age
18:17 Fletching
18:31 Stone Mining
18:46 Gold Mining
21:04 Bodkin Arrow
24:19 Nomads
26:15 Heavy Plow
26:27 Bow Saw
27:08 Gold Shaft Mining
31:15 Imperial Age
30:08 Bloodlines
29:59 Light Cavalry
31:46 Cavalier
33:17 Elite Skirmisher
35:18 Thumb Ring
35:39 Parthian Tactics
LUTUGY
11:34 Feudal Age
16:24 Castle Age
14:25 Horse Collar
15:10 Double-Bit Axe
18:46 Husbandry
19:32 Wheelbarrow
19:00 Heavy Plow
21:58 Bow Saw
24:09 Fletching
25:14 Stone Mining
25:58 Elite Skirmisher
27:10 Hand Cart
28:53 Sanctity
28:39 Bodkin Arrow
29:53 Gold Mining
30:10 Padded Archer Armor
31:21 Leather Archer Armor
31:08 Loom
31:10 Town Watch
33:32 Bloodlines
34:18 Scale Barding Armor
Connection lost

Rejoining the realm…

Still unreachable

The connection could not be restored.

Session expired

The server has moved on; the page needs a fresh start.